Cogmind - Beta 13 @@@ ROGUE MODE // 2024.04.14 @ 23:30:03 Player: Exceptionally Mediocre Result: Destroyed by G-50 Soldier with Heavy Laser Performance ------------- Evolutions (4) 2000 Regions Visited (12) 2400 Robots Destroyed (212) 1060 Value Destroyed (10514) 10514 Prototype IDs (29) 580 Alien Tech Used (0) 0 Bonus (5794) 5794 TOTAL SCORE: 22348 Bonus ------- High Alert Combat Kills 4012 Follower Combat Kills 825 Entered Garrisons 600 Used RIF Installer 1000 Aligned with FarCom 300 Friendly Fire -943 Cogmind --------- Core Integrity 0/850 Matter 80/300 Energy 100/100 System Corruption 17% Temperature Cool (39) Movement Core (100) Ox1 Location -6/Factory Parts ------- > --- POWER (1) -------- (None) > --- PROPULSION (3) --- (None) > --- UTILITY (8) ------ Advanced Heat Sink Gravity Neutralizer Advanced Terrain Scan Processor Core Analyzer > --- WEAPON (3) ------- Remote Datajack Mace > --- INVENTORY (5) ---- Light Angular Momentum Engine Fission Core Improved Sensor Array Improved Kinecellerator Improved Spread Laser Peak State ------------ > --- POWER ------------ Particle Reactor > --- PROPULSION ------- Light Treads Improved Heavy Treads > --- UTILITY ---------- Advanced Cooling System Cargo Storage Unit Active Sensor Suite Phase Shifter Improved Medium Armor Plating > --- WEAPON ----------- PD Laser > --- INVENTORY -------- Improved Deuterium Engine Reinforced Deuterium Engine Enhanced Nuclear Core Micro Nuclear Core Fission Core Armored Heavy Treads Advanced Heat Sink High-capacity Storage Unit Compact Battery Large Matter Pod Gravity Neutralizer Core Analyzer Improved Particle Charger Improved Kinecellerator Improved Core Shielding Hardened Medium Armor Plating Hardened Medium Armor Plating Improved Focal Shield Improved Thermal Shield EM Disruption Field Point Defense System Beamcaster PD Laser Gauss Rifle Gauss Rifle Railgun [Rating: 102] Favorites ----------- Power Particle Reactor Engine Improved Ion Engine Power Core Enhanced Nuclear Core Reactor Particle Reactor Propulsion Light Treads Treads Light Treads Leg Carbon-fiber Leg Wheel Armored Wheel Hover Unit Cooled Airjet Flight Unit VTOL Module Utility High-capacity Storage Unit Device Advanced Cooling System Storage High-capacity Storage Unit Processor Core Analyzer Hackware Relay Coupler [Sentry] Protection Improved Medium Armor Plating Weapon Precision Assault Rifle Energy Gun High-powered Field Laser Energy Cannon Proton Cannon Ballistic Gun Precision Assault Rifle Ballistic Cannon Advanced Assault Cannon Launcher Mini Grenade Launcher Special Weapon Remote Datajack Impact Weapon Mace Slashing Weapon Axe Build | -11 -10 -10 -10 -9 -8 -8 -8 -7 -7 -7 -7 -6 ------- Run | Yrd Mat Min Exi Min Mat Sto Gar Fac Gar Fac Gar Fac Slots Evolved 8 | . . . . . 4 . . 2 . . . 2 Power . | . . . . . . . . . . . . . Propulsion 1 | . . . . . 1 . . . . . . . Utility 6 | . . . . . 2 . . 2 . . . 2 Weapon 1 | . . . . . 1 . . . . . . . Parts Attached 256 | 7 11 4 1 3 10 4 26 32 35 7 39 77 Power 23 | 1 1 2 . 2 . 1 3 3 . 1 2 7 Engine 13 | 1 1 2 . 2 . 1 2 2 . . . 2 Core 5 | . . . . . . . 1 1 . . 1 2 Reactor 5 | . . . . . . . . . . 1 1 3 Propulsion 59 | 2 2 . . . 3 . 6 10 11 1 2 22 Treads 21 | . . . . . . . 5 . 8 1 2 5 Leg 10 | . . . . . . . . . . . . 10 Wheel 24 | 2 2 . . . 3 . 1 8 2 . . 6 Hover 3 | . . . . . . . . 2 . . . 1 Flight 1 | . . . . . . . . . 1 . . . Utility 100 | 2 5 2 . . 4 1 9 14 13 2 19 29 Device 52 | 1 . 1 . . 2 . 3 10 7 2 10 16 Storage 5 | 1 2 . . . . . . . 1 . 1 . Processor 5 | . . . . . 1 . . . . . . 4 Hackware 9 | . . . . . . . 3 1 . . 5 . Protection 29 | . 3 1 . . 1 1 3 3 5 . 3 9 Artifact . | . . . . . . . . . . . . . Weapon 74 | 2 3 . 1 1 3 2 8 5 11 3 16 19 Energy Gun 19 | . 1 . . . 2 . 3 1 2 . 3 7 Energy Cannon 1 | . . . . . . . . . 1 . . . Ballistic Gun 38 | 2 1 . 1 . 1 1 . 3 8 2 12 7 Ballistic Cannon 4 | . . . . . . . 2 1 . . . 1 Launcher 5 | . 1 . . 1 . 1 2 . . . . . Special Weapon 4 | . . . . . . . 1 . . 1 1 1 Impact Weapon 2 | . . . . . . . . . . . . 2 Slashing Weapon 1 | . . . . . . . . . . . . 1 Piercing Weapon . | . . . . . . . . . . . . . Special Melee Weapon . | . . . . . . . . . . . . . Unidentified Prototypes 6 | . . . . . 1 . . 3 . . 1 1 Parts Lost 78 | . . . . . 3 1 10 4 6 2 7 45 Power 5 | . . . . . . . 1 . . . . 4 Propulsion 22 | . . . . . 2 . 5 . 2 . 1 12 Utility 31 | . . . . . . 1 3 4 1 2 2 18 Weapon 20 | . . . . . 1 . 1 . 3 . 4 11 Highest Loss Streak 16 | . . . . . 3 1 2 2 3 1 4 16 To Critical Strikes 2 | . . . . . . . . . . . 1 1 Average Slot Usage (%) 90 | . 100 100 100 100 94 90 96 99 95 91 83 65 Engine 3 | . 14 14 14 14 9 9 8 6 . . . . Core 2 | . . . . . . . . . 7 2 . . Reactor 2 | . . . . . . . . . . 4 7 4 Treads 10 | . . . . . . . 14 7 15 15 13 6 Wheel 8 | . 28 28 28 28 26 27 12 15 2 . . 1 Device 17 | . 1 3 . . 8 9 14 22 26 29 16 16 Storage 8 | . 14 14 14 14 9 9 9 7 7 7 7 5 Hackware 2 | . . . . . . . 1 7 3 . 3 . Protection 8 | . 12 10 14 14 9 9 9 6 7 7 10 6 Energy Gun 8 | . 10 14 14 14 11 14 9 7 6 5 10 4 Ballistic Gun 8 | . 9 . 14 . 9 9 4 5 14 16 8 3 Launcher 2 | . 8 14 . 13 6 3 5 5 . . . . Special Weapon 1 | . . . . . . . 1 3 . . 2 . Naked Turns . | . . . . . . . . . . . . . Heaviest Build 187 | 11 53 53 52 52 69 75 75 79 85 96 187 186 Greatest Support 95 | 32 32 24 24 24 40 40 60 60 80 80 95 95 Greatest Overweight (x) 57 | . 2 2 2 2 2 1 5 6 7 1 2 57 Average Overweight (x) 1 | . 1 2 2 2 1 1 1 1 1 1 1 2 Largest Inventory Capacity 30 | 8 20 20 20 20 20 20 20 20 20 20 30 30 Average Capacity 22 | 7 17 20 20 20 20 20 20 20 20 20 27 29 Most Carried 30 | 8 20 20 20 20 20 20 20 20 20 20 30 30 Average Carried 21 | 4 15 19 19 20 19 19 19 19 18 19 27 23 Final Capacity 30 | 8 20 20 20 20 20 20 20 20 20 20 30 5 Final Carried 30 | 8 20 20 20 20 20 20 20 20 20 19 30 5 Class Distribution -------------------- 16% | Mutant 15% | Scavenger-Skirmisher 12% | Hauler-Tank 11% | Tank 10% | Commander-Tank 9% | Commander-Gunner 6% | Hauler-Skirmisher 6% | Skirmisher 3% | Scavenger-Mutant Dominant Class ---------------- Mutant | -10/Materials Mutant | -10/Mines Mutant | -10/Exiles Mutant | -9/Mines Skirmisher | -8/Materials Skirmisher | -8/Storage Scavenger-Skirmisher | -8/Garrison Scavenger-Skirmisher | -7/Factory Commander-Gunner | -7/Garrison Tank | -7/Factory Hauler-Tank | -7/Garrison Hauler-Skirmisher | -6/Factory Resources | -11 -10 -10 -10 -9 -8 -8 -8 -7 -7 -7 -7 -6 ----------- Run | Yrd Mat Min Exi Min Mat Sto Gar Fac Gar Fac Gar Fac Matter Collected 6421 | 255 340 335 . 183 128 129 661 664 1262 209 1350 905 Remotely . | . . . . . . . . . . . . . Salvage Created 8201 | 143 376 74 . 285 378 203 902 982 1200 149 1967 1542 Parts 464 | 11 36 10 . 33 21 17 62 59 54 9 84 68 Haulers Intercepted 4 | . . . . . 1 . . 3 . . . . Recyclers Shooed 5 | . 2 . . 1 . . . . . 1 . 1 Parts Field Recycled . | . . . . . . . . . . . . . Retrieved Matter . | . . . . . . . . . . . . . Parts Self-Destructed . | . . . . . . . . . . . . . Prevented . | . . . . . . . . . . . . . Kills | -11 -10 -10 -10 -9 -8 -8 -8 -7 -7 -7 -7 -6 ------- Run | Yrd Mat Min Exi Min Mat Sto Gar Fac Gar Fac Gar Fac Combat Hostiles Destroyed 166 | . 12 5 . 7 8 6 34 10 24 3 32 25 Guns 112 | . 2 . . . 4 2 14 10 24 3 32 21 Cannons 7 | . . . . . . . 5 . . . . 2 AOE 45 | . 10 5 . 7 3 4 15 . . . . 1 Classes Destroyed 21 | 3 5 1 . . 4 . 3 . 1 . 1 3 Worker 11 | 2 2 1 . 1 . . . 2 . . . 3 Builder 7 | . 1 1 . 3 . . . . . . . 2 Tunneler 9 | 3 . 2 . 3 . . . 1 . . . . Hauler 4 | . . . . . 1 . . 3 . . . . Recycler 7 | 1 . . . 2 . 1 . 3 . . . . Mechanic 1 | . . . . . . . . . . . . 1 Operator 4 | . 1 . . . 1 1 . 1 . . . . Watcher 6 | . 3 . . . . . . 1 1 . . 1 Swarmer 52 | . 3 . . 7 3 4 12 . 6 1 16 . Saboteur 1 | . . . . . . . . . . . . 1 Grunt 52 | . 9 . . . 2 . 8 4 9 . 6 14 Brawler 4 | . . . . . . . 2 . . . . 2 Duelist 7 | . . . . . . . 2 1 . . . 4 Protector 1 | . . . . . . . . . . . . 1 Sentry 22 | . . . . . 1 2 6 1 6 2 4 . Demolisher 1 | . . . . . . . . . 1 . . . Specialist 2 | . . . . . . . . . . . 2 . Hunter 5 | . . . . . 1 . . 2 1 . 1 . Programmer 14 | . . . . . . . 4 2 2 . 3 3 Heavy 1 | . . . . . 1 . . . . . . . Assembled 5 | . . 5 . . . . . . . . . . Thug 1 | . . . . . 1 . . . . . . . Best Kill Streak 9 | 3 5 4 . 4 8 6 5 4 4 1 9 6 Combat Bots Only 9 | . 5 3 . 4 5 5 5 3 4 1 9 6 Max Kills in Single Turn 5 | 1 2 2 . 2 3 3 5 2 2 1 2 1 Gunslinging 1 | . . . . . . . . . 1 . 1 . Exploded 5 | . 2 1 . 2 2 3 5 . . . . 1 Melee . | . . . . . . . . . . . . . Uniques/NPCs Destroyed . | . . . . . . . . . . . . . Combat | -11 -10 -10 -10 -9 -8 -8 -8 -7 -7 -7 -7 -6 -------- Run | Yrd Mat Min Exi Min Mat Sto Gar Fac Gar Fac Gar Fac Hostile Shots Fired 1326 | . 33 4 . 12 36 17 144 94 170 103 324 389 Missed 390 | . 12 2 . 2 13 4 34 25 44 35 109 110 Damage Taken 14323 | . 276 82 . 102 622 134 2178 1031 1506 499 1926 5967 Core 1580 | . 27 9 . 13 81 10 141 105 147 33 162 852 Absorbed by Shields 789 | . . . . . . . . . 31 212 446 100 Redirected to Shielding 130 | . . . . . . . . . 1 . 4 125 Ignored by Resistances 827 | . . . . . . . . . . 32 453 342 Regen/Repaired (Parts) 74 | . . . . . . . . . . . . 74 Core Remaining (%) 68 | 100 . . . 80 . . 57 . . . 36 . Volleys Fired 662 | 15 53 14 . 47 29 10 90 61 91 11 158 83 Largest 3 | 2 2 1 . 1 3 3 3 3 3 3 3 3 Hottest 168 | 40 70 50 . 50 160 160 168 126 128 133 163 150 Shots Fired 1359 | 30 74 14 . 47 60 19 166 103 263 29 346 208 Gun 1226 | 30 62 5 . 35 55 17 108 97 263 29 336 189 Cannon 50 | . . . . . . . 31 1 . . . 18 Launcher 65 | . 12 9 . 12 5 2 25 . . . . . Special 18 | . . . . . . . 2 5 . . 10 1 Kinetic 685 | 30 35 . . . 24 8 71 49 184 27 149 108 Thermal 591 | . 27 5 . 35 31 9 68 49 79 2 187 99 Explosive 65 | . 12 9 . 12 5 2 25 . . . . . Electromagnetic . | . . . . . . . . . . . . . Robot Hit Streak 41 | 6 14 3 . 5 7 8 14 18 18 12 41 12 Robot Miss Streak 10 | 2 2 2 . 3 5 2 5 3 3 2 5 10 Penetration Max 1 | . . . . . . . . . . . . 1 Secondary Targets 19 | . . . . . . . 2 2 6 1 7 1 Max Gunslinging Chain 1 | . . . . . . . 1 1 1 1 1 1 Autonomous 106 | . . . . . . . . . . . . 106 Shots Hit Robots 828 | 20 45 5 . 24 35 8 87 73 143 24 218 146 Core Hits 421 | 12 30 14 . 20 12 10 52 31 60 7 85 88 Critical Kills 2 | . . . . . . . . . . 1 . 1 Critical Parts Destroyed 4 | . . . . . . . 1 . . . 1 2 Critical Strikes 50 | . 2 . . . 2 3 5 4 7 1 19 7 Burn 44 | . 2 . . . 2 3 4 4 7 . 18 4 Destroy 6 | . . . . . . . 1 . . 1 1 3 Melee Attacks 2 | . . . . . . . . . . . . 2 Impact 2 | . . . . . . . . . . . . 2 Slashing . | . . . . . . . . . . . . . Piercing . | . . . . . . . . . . . . . Sneak Attacks . | . . . . . . . . . . . . . Combat Hostiles . | . . . . . . . . . . . . . Follow-up Attacks . | . . . . . . . . . . . . . Damage Inflicted 21742 | 164 1335 338 . 843 867 417 3363 1529 3578 587 4358 4363 Guns 16683 | 164 450 24 . 309 662 179 1457 1500 3220 587 4358 3773 Cannons 1015 | . . . . . . . 521 29 . . . 465 Explosions 4020 | . 885 314 . 534 205 238 1385 . 358 . . 101 Melee 24 | . . . . . . . . . . . . 24 Ramming . | . . . . . . . . . . . . . Kinetic 8989 | 164 154 . . . 208 62 1059 697 2322 546 1701 2076 Thermal 8810 | . 296 24 . 309 454 117 919 832 898 41 2657 2263 Explosive 3919 | . 885 314 . 534 205 238 1385 . 358 . . . Electromagnetic . | . . . . . . . . . . . . . Impact 24 | . . . . . . . . . . . . 24 Slashing . | . . . . . . . . . . . . . Piercing . | . . . . . . . . . . . . . Highest Corruption 17 | . 1 1 1 1 . . 12 6 7 7 9 17 Average Corruption 6 | . 1 1 1 1 . . 7 3 6 7 7 10 Corruption Purged . | . . . . . . . . . . . . . Corruption Blocked . | . . . . . . . . . . . . . Effects 376 | . 6 4 1 8 . . 43 7 144 17 124 22 Message Errors 94 | . 1 1 1 1 . . 15 1 31 8 31 4 Matter Fused 94 | . . . . 3 . . 10 1 39 2 30 9 Heat Flow Errors 43 | . 1 1 . 3 . . 3 2 16 1 11 5 Energy Discharges 39 | . 2 . . . . . 6 2 16 1 10 2 Parts Rejected 3 | . . . . . . . 1 . 1 1 . . Parts Fused 2 | . . . . . . . 1 . . . 1 . Data Loss (minor) 43 | . 1 2 . . . . 1 . 18 2 19 . Data Loss (major) 22 | . 1 . . . . . 2 . 11 . 8 . Misfires 16 | . . . . . . . 1 . 6 1 8 . Alerts 8 | . . . . 1 . . 3 . . . 3 1 Misdirections 1 | . . . . . . . . . . . . 1 Weapon Failures 11 | . . . . . . . . 1 6 1 3 . Overload Shots . | . . . . . . . . . . . . . Overflow Damage 176 | . 2 . . 5 36 5 36 . . . . 92 Projectiles 7 | . . . . . . . 7 . . . . . Explosions 169 | . 2 . . 5 36 5 29 . . . . 92 Melee . | . . . . . . . . . . . . . Knockbacks 9 | . . . . . . . 3 . . . . 6 Impact . | . . . . . . . . . . . . . Kinetic 9 | . . . . . . . 3 . . . . 6 Secondary . | . . . . . . . . . . . . . Self-Inflicted Damage 517 | . 43 57 . 25 . . 262 . 24 . . 106 Shots 18 | . 2 3 . 1 . . 9 . 1 . . 2 Rammed . | . . . . . . . . . . . . . Targets Rammed . | . . . . . . . . . . . . . Kicked . | . . . . . . . . . . . . . Crushed . | . . . . . . . . . . . . . Highest Temperature 366 | . 197 157 . 253 280 57 287 266 348 202 241 366 Average Temperature 79 | . 48 46 . 71 109 34 85 72 85 66 75 86 Received Heat Transfer 3880 | . 126 . . . 27 36 540 348 405 178 508 1712 Effects 5 | . . . . . . . 3 . 1 . . 1 Energy Bleed 2 | . . . . . . . . . 1 . . 1 Interference 3 | . . . . . . . 3 . . . . . Siege Activations . | . . . . . . . . . . . . . Robots Corrupted . | . . . . . . . . . . . . . Combat Hostiles . | . . . . . . . . . . . . . Parts Fried . | . . . . . . . . . . . . . Impact Corruptions . | . . . . . . . . . . . . . Robots Melted 3 | . . . . . 1 . . . . . 1 1 Combat Hostiles 2 | . . . . . 1 . . . . . . 1 Parts Melted 36 | . . . . . 3 1 3 5 5 . 12 7 Heat Transferred 17847 | . 1036 74 . 925 888 407 1776 1628 1827 74 6323 2889 Parts Sabotaged 2 | . . . . . . . . . . . . 2 Parts Stolen . | . . . . . . . . . . . . . Parts Stripped . | . . . . . . . . . . . . . Power Chain Reactions . | . . . . . . . . . . . . . Alert | -11 -10 -10 -10 -9 -8 -8 -8 -7 -7 -7 -7 -6 ------- Run | Yrd Mat Min Exi Min Mat Sto Gar Fac Gar Fac Gar Fac Peak Influence 3913 | 30 287 194 . 185 255 293 1733 933 3913 2088 3722 2141 Initial 2053 | . 19 111 . . . 107 190 909 554 2053 1332 1953 Average 1622 | 12 122 100 . 95 121 179 1104 813 2194 2010 2430 2052 Maximum Alert Level 5 | . 1 . . . 1 1 5 3 5 5 5 5 Low Security (%) 15 | 100 82 100 . 100 82 64 2 . . . . . Level 1 2 | . 17 . . . 17 35 3 . . . . . Level 2 3 | . . . . . . . 15 4 2 . . . Level 3 12 | . . . . . . . 28 95 8 . . . Level 4 14 | . . . . . . . 39 . 25 . 11 . Level 5 52 | . . . . . . . 11 . 63 100 88 100 High Security . | . . . . . . . . . . . . . Max Security . | . . . . . . . . . . . . . Squads Dispatched 25 | . 4 . . . 3 . . 5 . 1 . 12 Investigation 5 | . 2 . . . . . . 2 . . . 1 Extermination 6 | . . . . . . . . 2 . 1 . 3 Reinforcement 5 | . 2 . . . 3 . . . . . . . Assault 9 | . . . . . . . . 1 . . . 8 Garrison . | . . . . . . . . . . . . . Intercept . | . . . . . . . . . . . . . Searches Triggered . | . . . . . . . . . . . . . Construction Impeded . | . . . . . . . . . . . . . Haulers Reinforced . | . . . . . . . . . . . . . Active Scanning Responses . | . . . . . . . . . . . . . Cargo Convoy Interrupts . | . . . . . . . . . . . . . Stealth | -11 -10 -10 -10 -9 -8 -8 -8 -7 -7 -7 -7 -6 --------- Run | Yrd Mat Min Exi Min Mat Sto Gar Fac Gar Fac Gar Fac Distress Signals 4 | . 2 . . . 1 . . . . 1 . . Communications Jammed . | . . . . . . . . . . . . . Distress Signals . | . . . . . . . . . . . . . Times Spotted 251 | . 23 5 . 6 9 7 34 16 32 10 41 68 Peak Tracking Total 7 | . 3 1 . 3 2 5 5 5 4 4 7 6 Tactical Retreats 11 | . . . . . . . . . 2 . 1 8 Traps | -11 -10 -10 -10 -9 -8 -8 -8 -7 -7 -7 -7 -6 ------- Run | Yrd Mat Min Exi Min Mat Sto Gar Fac Gar Fac Gar Fac Traps Triggered 32 | . 2 . . . . . 12 . 7 1 8 2 Indirectly . | . . . . . . . . . . . . . Trap Hack Attempts . | . . . . . . . . . . . . . Triggered . | . . . . . . . . . . . . . Disarmed . | . . . . . . . . . . . . . Reprogrammed . | . . . . . . . . . . . . . Reused . | . . . . . . . . . . . . . Traps Extracted . | . . . . . . . . . . . . . Installed . | . . . . . . . . . . . . . Triggered . | . . . . . . . . . . . . . Machines | -11 -10 -10 -10 -9 -8 -8 -8 -7 -7 -7 -7 -6 ---------- Run | Yrd Mat Min Exi Min Mat Sto Gar Fac Gar Fac Gar Fac Machines Disabled 41 | . 1 . . 2 . . 7 1 15 . 6 9 Max in Single Turn 5 | . 1 . . 1 . . 2 1 2 . 1 5 Garrison Relay 15 | . . . . . . . 5 . 5 . 5 . Phase Generator 1 | . . . . . . . . . 1 . . . Machines Repaired . | . . . . . . . . . . . . . Machines Dismantled . | . . . . . . . . . . . . . Machines Sabotaged . | . . . . . . . . . . . . . Overloaded Fab Kills . | . . . . . . . . . . . . . Hacking | -11 -10 -10 -10 -9 -8 -8 -8 -7 -7 -7 -7 -6 --------- Run | Yrd Mat Min Exi Min Mat Sto Gar Fac Gar Fac Gar Fac Machines Accessed 26 | . 4 . 1 1 1 1 2 5 5 1 2 3 Terminals 18 | . 3 . . 1 1 . 2 2 5 . 2 2 Fabricators 1 | . . . . . . . . 1 . . . . Repair Stations 1 | . . . . . . . . . . . . 1 Recycling Units 1 | . 1 . . . . . . . . . . . Scanalyzers 1 | . . . . . . . . 1 . . . . Garrison Access 3 | . . . . . . 1 . 1 . 1 . . Total Hacks 48 | . 8 . 1 2 2 3 5 9 7 1 4 6 Successful 24 | . 4 . 1 . . 1 2 5 5 1 1 4 Failed 24 | . 4 . . 2 2 2 3 4 2 . 3 2 Catastrophic 3 | . 2 . . 1 . . . . . . . . Database Lockouts . | . . . . . . . . . . . . . Manual 16 | . 7 . 1 2 2 . . 3 . . . 1 Terminals 33 | . 7 . . 2 2 . 5 3 7 . 4 3 Fabricators 2 | . . . . . . . . 2 . . . . Repair Stations 3 | . . . . . . . . . . . . 3 Recycling Units 1 | . 1 . . . . . . . . . . . Scanalyzers 3 | . . . . . . . . 3 . . . . Garrison Access 5 | . . . . . . 3 . 1 . 1 . . Terminal Hacks 11 | . . . 1 . . . 2 . 5 . 1 2 Record 1 | . . . . . . . . . . . . 1 Open Door 2 | . . . . . . . . . 1 . 1 . Open DSF 1 | . . . . . . . . . . . . 1 Emergency Access Points 2 | . . . . . . . 1 . 1 . . . Garrison Registry 1 | . . . . . . . . . 1 . . . Patrol Navigation 1 | . . . . . . . . . 1 . . . Security Stations 2 | . . . . . . . 1 . 1 . . . Derelict Proto ID Bank 1 | . . . 1 . . . . . . . . . Fabricator Hacks 2 | . . . . . . . . 2 . . . . Load Schematic 1 | . . . . . . . . 1 . . . . Build 1 | . . . . . . . . 1 . . . . Repair Station Hacks 2 | . . . . . . . . . . . . 2 Scan Component 1 | . . . . . . . . . . . . 1 Repair 1 | . . . . . . . . . . . . 1 Recycling Unit Hacks 1 | . 1 . . . . . . . . . . . Retrieve Components 1 | . 1 . . . . . . . . . . . Scanalyzer 2 | . . . . . . . . 2 . . . . Insert Component 1 | . . . . . . . . 1 . . . . Analyze 1 | . . . . . . . . 1 . . . . Garrison Access Hacks 3 | . . . . . . 1 . 1 . 1 . . Unlock Access 3 | . . . . . . 1 . 1 . 1 . . Unauthorized Hacks 3 | . 3 . . . . . . . . . . . Terminals 3 | . 3 . . . . . . . . . . . Botnet 3 | . 3 . . . . . . . . . . . Fabricators . | . . . . . . . . . . . . . Repair Stations . | . . . . . . . . . . . . . Recycling Units . | . . . . . . . . . . . . . Scanalyzers . | . . . . . . . . . . . . . Garrison Access . | . . . . . . . . . . . . . Data Cores Recovered 1 | . . . . . . . . 1 . . . . Used . | . . . . . . . . . . . . . Hacking Detections 17 | . 2 . . 1 1 1 2 4 2 1 1 2 Full Trace Events 5 | . 1 . . . . . . 2 . . 1 1 Feedback Events 1 | . 1 . . . . . . . . . . . Corruption 1 | . 1 . . . . . . . . . . . Feedback Blocked . | . . . . . . . . . . . . . Robot Schematics Acquired . | . . . . . . . . . . . . . Robots Built . | . . . . . . . . . . . . . Authchips . | . . . . . . . . . . . . . Time . | . . . . . . . . . . . . . Total Robot Build Rating . | . . . . . . . . . . . . . Part Schematics Acquired 1 | . . . . . . . . 1 . . . . Parts Built 1 | . . . . . . . . 1 . . . . Authchips . | . . . . . . . . . . . . . Time 134 | . . . . . . . . 134 . . . . Total Part Build Rating 4 | . . . . . . . . 4 . . . . Parts Repaired 1 | . . . . . . . . . . . . 1 Time 68 | . . . . . . . . . . . . 68 Parts Recycled . | . . . . . . . . . . . . . Recycled Matter . | . . . . . . . . . . . . . Retrieved Matter . | . . . . . . . . . . . . . Retrieved Components 8 | . 8 . . . . . . . . . . . Parts Scanalyzed 1 | . . . . . . . . 1 . . . . Part Schematics Acquired 1 | . . . . . . . . 1 . . . . Parts Damaged . | . . . . . . . . . . . . . Bothacking | -11 -10 -10 -10 -9 -8 -8 -8 -7 -7 -7 -7 -6 ------------ Run | Yrd Mat Min Exi Min Mat Sto Gar Fac Gar Fac Gar Fac Used RIF Installer 2 | . . . . . . . 1 . 1 . . . Program Shield 1 | . . . . . . . . . 1 . . . Robots Hacked 11 | . . . . . . . 1 4 . . 6 . Non-combat . | . . . . . . . . . . . . . Combat 11 | . . . . . . . 1 4 . . 6 . Robot Hacks Applied 12 | . . . . . . . 1 5 . . 6 . parse_system 1 | . . . . . . . . 1 . . . . scatter_targeting 1 | . . . . . . . . . . . 1 . spike_heat 1 | . . . . . . . . 1 . . . . overwrite_iff 1 | . . . . . . . . . . . 1 . streamctrl_high 1 | . . . . . . . . 1 . . . . formatsys_high 7 | . . . . . . . 1 2 . . 4 . Relay Couplers Released 72 | . . . . . . . 24 . 24 . 24 . Machine Destruction 69 | . . . . . . . 21 . 24 . 24 . Programmers 3 | . . . . . . . 3 . . . . . Attached 9 | . . . . . . . 3 1 . . 5 . Fabnet Peak Effective % . | . . . . . . . . . . . . . Robots Rewired 10 | . . . . . . . . . 6 . 4 . Allies Hacked 1 | . . . . . . . . . 1 . . . Hacks Repelled . | . . . . . . . . . . . . . Allies | -11 -10 -10 -10 -9 -8 -8 -8 -7 -7 -7 -7 -6 -------- Run | Yrd Mat Min Exi Min Mat Sto Gar Fac Gar Fac Gar Fac Total Allies 27 | . . . . 2 . . 1 3 8 . 13 . Largest Group 9 | . . . . 2 2 . 1 2 7 4 9 9 Highest-Rated Group 397 | . . . . 42 42 . 15 32 251 116 397 397 Highest-Rated Ally 95 | . . . . 31 31 . 15 16 95 54 95 95 Total Orders 10 | . . . . . . . . . 10 . . . STAY 5 | . . . . . . . . . 5 . . . FOLLOW 5 | . . . . . . . . . 5 . . . Ally Attacks 153 | . . . . . 6 . . 16 50 13 15 53 Total Damage 3814 | . . . . . 86 . . 142 1208 214 539 1625 Kills 23 | . . . . . . . . 1 5 2 3 12 Allies Corrupted . | . . . . . . . . . . . . . Allies Melted . | . . . . . . . . . . . . . Intel | -11 -10 -10 -10 -9 -8 -8 -8 -7 -7 -7 -7 -6 ------- Run | Yrd Mat Min Exi Min Mat Sto Gar Fac Gar Fac Gar Fac Robot Analysis Total . | . . . . . . . . . . . . . Derelict Logs Recovered 2 | . . 1 . 1 . . . . . . . . Drone Launches . | . . . . . . . . . . . . . Drone Recoveries . | . . . . . . . . . . . . . Exploration | -11 -10 -10 -10 -9 -8 -8 -8 -7 -7 -7 -7 -6 ------------- Run | Yrd Mat Min Exi Min Mat Sto Gar Fac Gar Fac Gar Fac Turns Passed 18112 | 173 1024 552 269 848 247 162 2374 1281 4757 593 3619 2213 Spaces Moved 8413 | 112 758 429 222 622 119 117 1285 701 1966 214 1182 686 Core 7 | 2 . . . . . . . . . . . 5 Treads 4120 | . . . . . . . 503 147 1674 214 1182 400 Legs 96 | . . . . . . . . . . . . 96 Wheels 4188 | 110 758 429 222 622 119 117 782 554 292 . . 183 Hover 2 | . . . . . . . . . . . . 2 Flight . | . . . . . . . . . . . . . Fastest Speed 50 | 50 100 120 120 120 105 108 101 101 113 250 170 80 Average Speed 180 | 99 110 120 120 120 106 108 152 135 216 250 257 254 Slowest Speed 2900 | 100 120 120 120 120 120 108 245 243 490 250 320 2900 Overloaded Moves . | . . . . . . . . . . . . . Propulsion Burnouts . | . . . . . . . . . . . . . Robots Hopped . | . . . . . . . . . . . . . Cave-ins Triggered 1 | . . . . . . . 1 . . . . . Time Travels 1 | . . . . . . . . . . . 1 . Exploration Rate (%) 52 | 4 86 92 61 97 17 25 90 17 96 6 76 15 Regions Visited 12 Branch Regions 4 Pre-discovered Areas . | . . . . . . . . . . . . . Known Exits Taken 3 | . . . . . . 1 . 1 . 1 . . Unknown Exits Taken 6 | 1 1 1 1 1 1 . . . . . . . Scrap Searched 5 | . . 3 . 2 . . . . . . . . Spaces Dug 50 | . 11 . . 37 . . . . . . 2 . Terrain Destroyed 804 | . 111 91 . 121 49 20 111 . 214 1 2 84 Melee . | . . . . . . . . . . . . . Projectile 39 | . . . . . . 1 1 . . 1 2 34 AOE 765 | . 111 91 . 121 49 19 110 . 214 . . 50 Terrain Rammed . | . . . . . . . . . . . . . Walls Destroyed . | . . . . . . . . . . . . . Machines Disabled . | . . . . . . . . . . . . . Actions | -11 -10 -10 -10 -9 -8 -8 -8 -7 -7 -7 -7 -6 --------- Run | Yrd Mat Min Exi Min Mat Sto Gar Fac Gar Fac Gar Fac Total 10326 | 147 893 454 224 677 188 134 1562 960 2336 251 1493 1007 Wait 299 | . 9 . . 4 8 1 22 97 32 17 14 95 Move 8397 | 111 757 428 221 621 118 116 1282 700 1964 213 1180 686 Hop . | . . . . . . . . . . . . . Pick Up 255 | 11 34 3 1 . 13 2 32 31 51 2 33 42 Fast Attach 33 | 7 . . . . 1 . . 6 7 1 3 8 Attach 105 | . . . . . 7 1 13 8 8 2 13 53 Detach 25 | . . . . . 1 . 1 2 4 . 6 11 Swap 118 | . 11 4 1 3 2 3 13 18 20 4 23 16 Drop 198 | 3 29 5 1 2 9 1 19 35 63 1 19 11 Fire 662 | 15 53 14 . 47 29 10 90 61 91 11 158 83 Melee 2 | . . . . . . . . . . . . 2 Ram . | . . . . . . . . . . . . . Kick . | . . . . . . . . . . . . . Crush . | . . . . . . . . . . . . . Escape Stasis 134 | . . . . . . . 89 . 31 . 14 . Rewire 98 | . . . . . . . 1 2 65 . 30 . Trap . | . . . . . . . . . . . . . Miscellaneous . | . . . . . . . . . . . . . Route ------- -11/Scrapyard -10/Materials (discovered 4 exits: [*Mat x3] / [*Min]) -10/Mines (discovered 3 exits: [*Mat x2] / *Exi) -10/Exiles -9/Mines (discovered 2 exits: *Mat x2) -8/Materials -8/Storage -8/Garrison (discovered 3 exits: *Fac x3) -7/Factory -7/Garrison (discovered 3 exits: *Fac x3) -7/Factory -7/Garrison (discovered 3 exits: *Fac x3) -6/Factory (discovered 1 exit: [*Fac]) History --------- Turn | Location | Event 7 | -11/Scrapyard | Discovered new exit (range 16) 174 | -11/Scrapyard | Entered Materials 305 | -10/Materials | Build established: Mutant 654 | -10/Materials | Discovered new exit (range 16) 932 | -10/Materials | Discovered new exit (range 16) 1019 | -10/Materials | Discovered new exit (range 12) 1180 | -10/Materials | Discovered new exit (range 7) 1198 | -10/Materials | Entered Mines 1199 | -10/Mines | Assembled infested the area 1364 | -10/Mines | Met a Derelict bent on vengeance 1463 | -10/Mines | Learned Materials emergency access door positions 1640 | -10/Mines | Discovered new exit (range 14) 1675 | -10/Mines | Discovered new exit (range 8) 1735 | -10/Mines | Deemed a non-threat by the Exiles lab entrance 1735 | -10/Mines | Discovered new exit (range 5) 1750 | -10/Mines | Entered Exiles 1783 | -10/Exiles | Met 8R-AWN 1804 | -10/Exiles | Met EX-HEX 1837 | -10/Exiles | Met EX-BIN 1852 | -10/Exiles | Aligned with FarCom system 1853 | -10/Exiles | Given EX-Vault access code 1880 | -10/Exiles | Opened EX-Vault 1890 | -10/Exiles | Found Chronowheel 1917 | -10/Exiles | Warned to stay clear of 0b10 Research branches 1951 | -10/Exiles | Met EX-DEC 2008 | -10/Exiles | Discovered new exit (range 10) 2019 | -10/Exiles | Left Exiles lab with Chronowheel 2019 | -10/Exiles | Entered Mines 2113 | -9/Mines | Learned Materials emergency access door positions 2206 | -9/Mines | Discovered new exit (range 6) 2248 | -9/Mines | Discovered new exit (range 9) 2867 | -9/Mines | Entered Materials 2867 | -8/Materials | Accompanied by 2 allies 2867 | -8/Materials | Evolved 4 slots: Propulsion x1, Utility x2, Weapon x1 2872 | -8/Materials | Led the pair of lost Derelicts to an unsafe place 3040 | -8/Materials | Discovered new exit (range 5) 3098 | -8/Materials | Lost 3 parts (2n1w) 3114 | -8/Materials | Entered Storage 3166 | -8/Storage | Build established: Skirmisher 3275 | -8/Storage | Identified exit to Garrison 3276 | -8/Storage | Entered Garrison 3288 | -8/Garrison | Triggered checkpoint 3328 | -8/Garrison | Triggered checkpoint 3343 | -8/Garrison | Garrison Relay disabled 3434 | -8/Garrison | Triggered checkpoint 3492 | -8/Garrison | Triggered checkpoint 3570 | -8/Garrison | Discovered new exit (range 11) 3600 | -8/Garrison | Triggered checkpoint 3660 | -8/Garrison | Garrison Relay disabled 3679 | -8/Garrison | Installed Relay Interface Framework 3778 | -8/Garrison | Triggered checkpoint 3855 | -8/Garrison | Triggered checkpoint 3862 | -8/Garrison | Garrison Relay disabled 3906 | -8/Garrison | Discovered new exit (range 8) 3915 | -8/Garrison | Garrison Relay disabled 4026 | -8/Garrison | Learned Factory security intel 4251 | -8/Garrison | Build established: Scavenger-Skirmisher 4368 | -8/Garrison | Triggered checkpoint 4476 | -8/Garrison | Triggered checkpoint 4827 | -8/Garrison | Discovered new exit (range 16) 5084 | -8/Garrison | Triggered checkpoint 5509 | -8/Garrison | Crushed by falling debris 5510 | -8/Garrison | System corruption reached 10% 5650 | -8/Garrison | Entered Factory 5650 | -7/Factory | Accompanied by 1 ally 5650 | -7/Factory | Evolved 2 slots: Utility x2 6524 | -7/Factory | Fabricated Hpw. Field Laser (x1) 6850 | -7/Factory | First assault squad dispatched 6929 | -7/Factory | Identified exit to Garrison 6931 | -7/Factory | Entered Garrison 6963 | -7/Garrison | Triggered checkpoint 7029 | -7/Garrison | Garrison Relay disabled 7051 | -7/Garrison | Triggered checkpoint 7227 | -7/Garrison | Heavy support dispatched to Factory 7231 | -7/Garrison | Triggered checkpoint 7282 | -7/Garrison | Triggered checkpoint 7355 | -7/Garrison | Garrison Relay disabled 7369 | -7/Garrison | Heavy support dispatched to Factory 7409 | -7/Garrison | Lost 3 parts (1n1u1w) 7439 | -7/Garrison | Discovered new exit (range 10) 7643 | -7/Garrison | Triggered checkpoint 7675 | -7/Garrison | Triggered checkpoint 7706 | -7/Garrison | Garrison Relay disabled 7908 | -7/Garrison | Expanded RIF knowledge: Program Shield 8043 | -7/Garrison | Triggered checkpoint 8054 | -7/Garrison | Build established: Commander-Gunner 8079 | -7/Garrison | Triggered checkpoint 8173 | -7/Garrison | Discovered new exit (range 61) 8173 | -7/Garrison | Discovered new exit (range 26) 8173 | -7/Garrison | Discovered new exit (range 65) 8465 | -7/Garrison | Phase Generator disabled 8638 | -7/Garrison | Garrison Relay disabled 8669 | -7/Garrison | Triggered checkpoint 9007 | -7/Garrison | Found Prototype Device 9076 | -7/Garrison | Found Prototype Device 9112 | -7/Garrison | Found Prototype Device 9153 | -7/Garrison | H-XX Assembler disabled 9395 | -7/Garrison | Triggered checkpoint 9410 | -7/Garrison | Garrison Relay disabled 9425 | -7/Garrison | Found embedded Infiltrators 9633 | -7/Garrison | Learned Factory security intel 9641 | -7/Garrison | Spotted B-75 Beast 9653 | -7/Garrison | Allies destroyed B-75 Beast 9848 | -7/Garrison | Build established: Commander-Tank 11062 | -7/Garrison | Build established: Tank 11688 | -7/Garrison | Entered Factory 11688 | -7/Factory | Accompanied by 4 allies 12278 | -7/Factory | Identified exit to Garrison 12281 | -7/Factory | Entered Garrison 12315 | -7/Garrison | Rescued a captive Derelict 12316 | -7/Garrison | Rescued a captive Derelict 12459 | -7/Garrison | Triggered checkpoint 12517 | -7/Garrison | Garrison Relay disabled 12696 | -7/Garrison | Core integrity fell below 50% 12709 | -7/Garrison | Activated Chronowheel 12709 | -7/Garrison | Spacetime reconverged on an earlier point 12739 | -7/Garrison | Triggered checkpoint 12752 | -7/Garrison | Destroyed 9 combat bots 12756 | -7/Garrison | Lost 4 parts (1u3w) 12781 | -7/Garrison | Triggered checkpoint 12903 | -7/Garrison | Triggered checkpoint 13343 | -7/Garrison | Garrison Relay disabled 13423 | -7/Garrison | Discovered new exit (range 10) 13563 | -7/Garrison | Triggered checkpoint 13582 | -7/Garrison | Build established: Hauler-Tank 13707 | -7/Garrison | Triggered checkpoint 13737 | -7/Garrison | Garrison Relay disabled 14137 | -7/Garrison | Discovered new exit (range 13) 14801 | -7/Garrison | Triggered checkpoint 14814 | -7/Garrison | Discovered new exit (range 14) 14896 | -7/Garrison | Garrison Relay disabled 15057 | -7/Garrison | Triggered checkpoint 15077 | -7/Garrison | Found embedded Infiltrators 15105 | -7/Garrison | Triggered checkpoint 15271 | -7/Garrison | Garrison Relay disabled 15517 | -7/Garrison | Build established: Commander-Tank 15900 | -7/Garrison | Entered Factory 15900 | -6/Factory | Accompanied by 9 allies 15900 | -6/Factory | Evolved 2 slots: Utility x2 15901 | -6/Factory | Identified Active Sensor Suite 16122 | -6/Factory | Repaired Particle Reactor 16169 | -6/Factory | Lost 4 allies 16241 | -6/Factory | Build established: Hauler-Skirmisher 16250 | -6/Factory | First assault squad dispatched 16862 | -6/Factory | Lost 6 parts (2n3u1w) 17083 | -6/Factory | Build established: Hauler-Tank 17249 | -6/Factory | Lost 7 parts (1p1n4u1w) 17491 | -6/Factory | Lost 7 parts (2n2u3w) 17597 | -6/Factory | Lost 4 parts (1p3u) 17846 | -6/Factory | System corruption reached 10% 17868 | -6/Factory | Core integrity fell below 50% 17932 | -6/Factory | Lost 16 parts (1p5n5u5w) 18025 | -6/Factory | Core integrity fell below 20% 18065 | -6/Factory | Lost 3 parts (1p1n1w) 18088 | -6/Factory | Discovered new exit (range 16) 18113 | -6/Factory | Destroyed by G-50 Soldier with Heavy Laser Last Messages --------------- 18037_ Acquired Mace. 18041_ Dropped Cargo Storage Unit. 18044_ Extracted 99 energy. 18045_ Acquired Remote Datajack. 18051_ System corrupted: Heat flow error (+281). 18061_ U-05 Engineer lays Concrete. 18062_ U-05 Engineer builds a Wall. 18071_ System corrupted: Matter fused (-7). 18088_ EXIT=FOUND 18091_ >LLM7N8:9CM2%KPYGSO=E# 18104_ Dropped Lgt. Ion Engine. 18105_ Acquired Prototype Energy Gun. 18110_ C-30 ARC bursts open, deploying its payload. 18110_ G-67 Veteran unfolds itself. 18110_ G-50 Soldier unfolds itself. 18110_ M-28 Smith unfolds itself. 18110_ Wheel destroyed. 18113_ System corrupted: Matter fused (-6). [Achievement: 20k Club] Map ----- +----------------------------------------------------+ | | | ?????????????????????????????????????????????????? | | ?????????????????????????????????????????????????? | | ?????????????????????????????????????????????????? | | ?????????????????????????????????????????????????? | | ?????????????????????????????????????????????????? | | ######???????????????????????????????????????????? | | #???????????????????????????????????????????? | | ####!#??????????????????? ??????????????????????? | | ???# #??????????????????? ??????????????????????? | | ???#!#??????????????????? ??????????????????????? | | ???#*#??????????????????? ??????????????????????? | | ???#!#??????????????????? ??????????????????????? | | ???#!#??????????????????? #??????????????????????? | | ####/####??????????######+####???????????????????? | | !=%= #??????????# #???????????????????? | | """!""" #??????????# #???????????????????? | | """!""" #??????????# #???????????????????? | | """ """ #??????????# #???????????????????? | | #??????????# * #???????????????????? | | #??????????# #???????????????????? | | #??????????# #????Y??????????????? | | % #??????????# #???????????????????? | | ###+####################+#####???????????????????? | | g l #????????????????????? | | @m #????????????????????? | |